 Dungeon Crawl Stone Soup version 0.23-a0-488-g5fd82c5 (webtiles) character file.

2 Amnesiac the Sneak (level 1, 0/9 HPs)
             Began as a Spriggan Enchanter on Dec 2, 2018.
             Slain by Ijyb
             ... wielding a +0 club
              (1 damage)
             ... on level 3 of the Dungeon.
             The game lasted 00:01:22 (235 turns).

Amnesiac the Sneak (Spriggan Enchanter)              Turns: 235, Time: 00:01:22

Health: 0/9        AC:  2    Str:  4    XL:     1   Next: 25%
Magic:  3/5        EV: 18    Int: 16    God:
Gold:   0          SH:  0    Dex: 16    Spells: 4/5 levels left

rFire    . . .     SeeInvis +   a - +1 dagger
rCold    . . .     Gourm    .   (shield restricted)
rNeg     . . .     Faith    .   b - +0 robe
rPois    .         Spirit   .   (helmet restricted)
rElec    .         Reflect  .   (no cloak)
rCorr    .         Harm     .   (gloves unavailable)
MR       .....                  (boots unavailable)
Stlth    +++.......             (no amulet)
HPRegen  0.03/turn              (no ring)
MPRegen  0.09/turn              (no ring)

@: very quick
A: very small, unfitting armour, see invisible, herbivore, speed 3, slow
metabolism 2
a: no special abilities


You were on level 3 of the Dungeon.
You were not hungry.

You visited 1 branch of the dungeon, and saw 3 of its levels.

Inventory:

Hand Weapons
 a - a +1 dagger (weapon)
Armour
 b - a +0 robe (worn)
Comestibles
 d - a ration


   Skills:
 + Level 1.1 Short Blades
 + Level 3.0 Dodging
 + Level 4.4 Stealth
 + Level 2.7 Spellcasting
 + Level 3.6 Hexes


You had 4 spell levels left.
You knew the following spells:

 Your Spells              Type           Power        Failure   Level  Hunger
a - Corona                Hex            ##.....      4%          1    #......

Your spell library contained the following spells:

 Spells                   Type           Power        Failure   Level  Hunger
 Confuse                  Hex            ##......     13%         3    ###....
 Tukima's Dance           Hex            ##......     13%         3    ###....
 Ensorcelled Hibernation  Hex/Ice        #.....       14%         2    ##.....
 Dazzling Spray           Conj/Hex       #.....       26%         3    ###....


Dungeon Overview and Level Annotations

Branches:
Dungeon (3/15)

Altars:

Annotations:
D:3 Ijyb


Innate Abilities, Weirdness & Mutations

You are very small and have problems with some larger weapons.
You are too small for most types of armour.
You have supernaturally acute eyesight. (SInv)
You are a herbivore.
You cover ground extremely quickly.
You need to consume almost no food.


Message History

Ijyb is outlined in light.
Ijyb zaps a wand.
You resist with significant effort.
You hit Ijyb but do no damage.
Ijyb is heavily wounded.
The goblin barely misses you.
You aren't carrying any potions.
You aren't carrying any scrolls.
You barely miss Ijyb.
Ijyb is heavily wounded.
Ijyb misses you. The goblin barely misses you.
You hit Ijyb but do no damage.
Ijyb is heavily wounded.
Ijyb zaps a wand.
You suddenly lose the ability to move!
The goblin completely misses you.
Ijyb zaps a wand.
You shrug off the repeated paralysis!
The goblin hits you but does no damage.
Ijyb zaps a wand.
You shrug off the repeated paralysis!
The goblin hits you.
You can move again.
Unknown command.
Unknown command.
You hit Ijyb but do no damage.
Ijyb is heavily wounded.
Ijyb barely misses you. The goblin closely misses you.
You hit Ijyb but do no damage.
Ijyb is heavily wounded.
Ijyb closely misses you.
You hit Ijyb but do no damage.
Ijyb is heavily wounded.
The goblin misses you. Ijyb barely misses you.
You hit Ijyb.
Ijyb is heavily wounded.
The goblin barely misses you.
Ijyb zaps a wand.
You resist with significant effort.
You hit Ijyb but do no damage.
Ijyb is heavily wounded.
Ijyb stops glowing.
The goblin hits you.
* * * LOW HITPOINT WARNING * * *
Ijyb barely misses you.
You closely miss Ijyb.
Ijyb is heavily wounded.
The goblin misses you.
You closely miss Ijyb.
Ijyb is heavily wounded.
Ijyb completely misses you. The goblin hits you.
* * * LOW HITPOINT WARNING * * *
Casting: Corona (safe; 4% risk of failure)
Confirm with . or Enter, or press ? or * to list all spells.
Aiming: Corona (safe; 4% risk of failure)
Press: ? - help, Shift-Dir - straight line, f/p - Ijyb
Aim: Ijyb, wielding a +0 club, wearing a +0 ring mail and carrying a wand of Ijyb struggles to resist.
Ijyb zaps a wand.
You resist with significant effort. The goblin hits you.
* * * LOW HITPOINT WARNING * * *
Casting: Corona (safe; 4% risk of failure)
Confirm with . or Enter, or press ? or * to list all spells.
Aiming: Corona (safe; 4% risk of failure)
Press: ? - help, Shift-Dir - straight line, f/p - Ijyb
Aim: Ijyb, wielding a +0 club, wearing a +0 ring mail and carrying a wand of Ijyb is outlined in light.
Ijyb barely misses you. The goblin barely misses you.
You hit Ijyb but do no damage.
Ijyb is heavily wounded.
The goblin misses you. Ijyb hits you with a +0 club.
You die...

############
#..g@g<.....
#.##########
#.# #g# #.#
##.##
##...###.
#.........
#....###.#


You could see Ijyb and a goblin.

Vanquished Creatures
  A bat (D:3)
  A rat (D:3)
2 creatures vanquished.

Vanquished Creatures (others)
  A toadstool (D:3)
1 creature vanquished.

Grand Total: 3 creatures vanquished

Notes
Turn   | Place    | Note
-------+----------+-------------------------------------------
     0 | D:1      | Amnesiac the Spriggan Enchanter began the quest for the
                  | Orb.
     0 | D:1      | Reached XP level 1. HP: 9/9 MP: 5/5
   214 | D:3      | Noticed Ijyb
   223 | D:3      | Paralysed by Ijyb for 2 turns
   235 | D:3      | Slain by Ijyb

Vault maps used:
D:1:      dpeg_arrival_rooms_b, grunt_decor_arrowhead
D:2:      wad_pebble_path, uniq_jessica, uniq_sigmund, uniq_robin
D:3:      trog_eyes_of_draining, lemuel_doored_altar, minmay_gold_behind_fungi,
          okawaru_metal_pillars_1_2, uniq_ijyb, uniq_grinder

Action                   || total
-------------------------++-------
Melee: Dagger            ||    20
 Cast: Corona            ||     4
 Stab: Sleeping          ||     2
Armor: Robe              ||     2
Dodge: Dodged            ||    24

Table legend:
 A = Non-vault XP
 B = Vault XP
 C = Vault XP percentage of total XP
 D = Non-vault monster count
 E = Vault monster count
 F = Vault count percentage of total count
                 A         B        C        D         E       F
            +---------+---------+-------+---------+---------+-------
      Total |       3 |       0 |   0.0 |       2 |       0 |   0.0
            +---------+---------+-------+---------+---------+-------
        D:3 |       3 |       0 |   0.0 |       2 |       0 |   0.0
            +---------+---------+-------+---------+---------+-------
